TOP OF THE 1ST |
Houston Astros batting - Pitching for Arizona Diamondbacks : RHP Miguel Martinez
|
Pitching: RHP Miguel Martinez
|
|
Batting: RHB Jeremy Trump
|
0-0: Ball 1-0: Ground out 6-3 (Groundball, 6S, EV 81.9 MPH)
|
Batting: SHB Joe Gardner
|
0-0: Called Strike 0-1: Swinging Strike 0-2: Ball 1-2: Strikes out looking
|
Batting: RHB Josh Froyd
|
0-0: Ball 1-0: Swinging Strike 1-1: Ball 2-1: Ball 3-1: Called Strike 3-2: SOLO HOME RUN (Flyball, 7LD, EV 91.2 MPH), Distance : 344 ft
|
Batting: LHB Bryce Hill
|
0-0: Ball 1-0: Called Strike 1-1: Ball 2-1: Fly out, F9 (Line Drive, 89M, EV 91.2 MPH)
|
Top of the 1st over - 1 run, 1 hit, 0 errors, 0 left on base; Houston 1 - Arizona 0 |
BOTTOM OF THE 1ST |
Arizona Diamondbacks batting - Pitching for Houston Astros : RHP Brian Lynch
|
Pitching: RHP Brian Lynch
|
|
Batting: LHB Eric Klasek
|
0-0: Foul Ball, location: 2F 0-1: DOUBLE (Groundball, 3L, EV 99.4 MPH)
|
Batting: RHB Katilimomi Kelekolio
|
0-0: Swinging Strike 0-1: Called Strike 0-2: Foul Ball, location: 2F 0-2: Foul Ball, location: 2F 0-2: Ball 1-2: Foul Ball, location: 2F 1-2: Ball 2-2: Strikes out swinging
|
Batting: RHB Ruben Velasco
|
0-0: Foul Ball, location: 2F 0-1: Called Strike Eric Klasek is caught stealing 3rd base 2-5 0-2: Foul Ball, location: 2F 0-2: Foul Ball, location: 2F 0-2: Foul Ball, location: 2F 0-2: Ball 1-2: Ball 2-2: Ground out 6-3 (Groundball, 6, EV 106.2 MPH)
|
Bottom of the 1st over - 0 runs, 1 hit, 0 errors, 0 left on base; Houston 1 - Arizona 0 |
TOP OF THE 2ND |
Houston Astros batting - Pitching for Arizona Diamondbacks : RHP Miguel Martinez
|
Batting: RHB Chris Lane
|
0-0: Ball 1-0: Ground out U3 (Groundball, 3, EV 86.2 MPH)
|
Batting: RHB Eric Chotkowski
|
0-0: Ball 1-0: Ball 2-0: Foul Ball, location: 2F 2-1: Foul Ball, location: 2F 2-2: Ball 3-2: Strikes out swinging
|
Batting: RHB Danny Merrill
|
0-0: Hit by Pitch
|
Batting: RHB Antonio Aranda
|
0-0: Foul Ball, location: 2F 0-1: Foul Ball, location: 2F 0-2: Ball 1-2: Ball 2-2: Foul Ball, location: 2F 2-2: Foul Ball, location: 2F 2-2: Strikes out swinging
|
Top of the 2nd over - 0 runs, 0 hits, 0 errors, 1 left on base; Houston 1 - Arizona 0 |
BOTTOM OF THE 2ND |
Arizona Diamondbacks batting - Pitching for Houston Astros : RHP Brian Lynch
|
Batting: SHB Alec Thorpe
|
0-0: Foul Ball, location: 2F 0-1: Ball 1-1: Fly out, F7 (Flyball, 78M, EV 89.4 MPH)
|
Batting: LHB Roy Steigerwald
|
0-0: Swinging Strike 0-1: SINGLE (Groundball, 4M, EV 99.4 MPH) (infield hit)
|
Batting: RHB Jim Zucco
|
0-0: Ball 1-0: Called Strike Balk! Roy Steigerwald to second 1-1: Fly out, F7 (Flyball, 78M, EV 84.4 MPH)
|
Batting: RHB Andy Swaim
|
0-0: Ball 1-0: Ball 2-0: Ground out 2-3 (Groundball, 2R, EV 73.1 MPH)
|
Bottom of the 2nd over - 0 runs, 1 hit, 0 errors, 1 left on base; Houston 1 - Arizona 0 |
TOP OF THE 3RD |
Houston Astros batting - Pitching for Arizona Diamondbacks : RHP Miguel Martinez
|
Batting: LHB Jim Keefe
|
0-0: Called Strike 0-1: Ball 1-1: Foul Ball, location: 2F 1-2: Foul Ball, location: 2F 1-2: SINGLE (Line Drive, 5D, EV 97.5 MPH)
|
Batting: RHB Jeremy Trump
|
0-0: Ball 1-0: Ball 2-0: Fly out, F9 (Flyball, 9D, EV 95.6 MPH)
|
Batting: SHB Joe Gardner
|
0-0: Fly out, F7 (Flyball, 7, EV 93.1 MPH)
|
Batting: RHB Josh Froyd
|
0-0: SINGLE (Line Drive, 7S, EV 86.9 MPH) Jim Keefe to second
|
Batting: LHB Bryce Hill
|
0-0: Called Strike 0-1: Ball 1-1: Ball 2-1: SINGLE (Groundball, 6MD, EV 110.6 MPH) Jim Keefe to third Josh Froyd to second Runner from 3rd tries for Home, SAFE, throw by CF to home
|
Batting: RHB Chris Lane
|
0-0: Ball 1-0: Foul Ball, location: 2F 1-1: Called Strike 1-2: Ball 2-2: Foul Ball, location: 2F 2-2: Ball 3-2: Base on Balls Josh Froyd to third Bryce Hill to second
|
Batting: RHB Eric Chotkowski
|
0-0: Called Strike 0-1: Called Strike 0-2: Foul Ball, location: 2F 0-2: Ball 1-2: Foul Ball, location: 2F 1-2: Ball 2-2: Strikes out swinging
|
Top of the 3rd over - 1 run, 3 hits, 0 errors, 3 left on base; Houston 2 - Arizona 0 |
BOTTOM OF THE 3RD |
Arizona Diamondbacks batting - Pitching for Houston Astros : RHP Brian Lynch
|
Batting: LHB Mike Mentzer
|
0-0: Ball 1-0: Called Strike 1-1: Ball 2-1: Swinging Strike 2-2: Strikes out swinging
|
Batting: SHB Warren Eisner
|
0-0: Foul Ball, location: 2F 0-1: Ground out 4-3 (Groundball, 4, EV 86.9 MPH)
|
Batting: LHB Eric Klasek
|
0-0: Fly out, F9 (Flyball, 9, EV 98.8 MPH)
|
Bottom of the 3rd over - 0 runs, 0 hits, 0 errors, 0 left on base; Houston 2 - Arizona 0 |
TOP OF THE 4TH |
Houston Astros batting - Pitching for Arizona Diamondbacks : RHP Miguel Martinez
|
Batting: RHB Danny Merrill
|
0-0: Called Strike 0-1: Swinging Strike 0-2: Foul Ball, location: 2F 0-2: Ball 1-2: Ball 2-2: Strikes out swinging
|
Batting: RHB Antonio Aranda
|
0-0: Ball 1-0: Ground out 6-3 (Groundball, 6S, EV 83.8 MPH)
|
Batting: LHB Jim Keefe
|
0-0: Called Strike 0-1: Called Strike 0-2: Ball 1-2: Strikes out swinging
|
Top of the 4th over - 0 runs, 0 hits, 0 errors, 0 left on base; Houston 2 - Arizona 0 |
BOTTOM OF THE 4TH |
Arizona Diamondbacks batting - Pitching for Houston Astros : RHP Brian Lynch
|
Batting: RHB Katilimomi Kelekolio
|
0-0: Ground out 6-3 (Groundball, 6, EV 85.6 MPH)
|
Batting: RHB Ruben Velasco
|
0-0: Called Strike 0-1: Ball 1-1: Ground out 4-3 (Groundball, 4, EV 81.2 MPH)
|
Batting: SHB Alec Thorpe
|
0-0: Ball 1-0: Fly out, F9 (Flyball, 9D, EV 93.8 MPH)
|
Bottom of the 4th over - 0 runs, 0 hits, 0 errors, 0 left on base; Houston 2 - Arizona 0 |
TOP OF THE 5TH |
Houston Astros batting - Pitching for Arizona Diamondbacks : RHP Miguel Martinez
|
Batting: RHB Jeremy Trump
|
0-0: Swinging Strike 0-1: Ground out 6-3 (Groundball, 56D, EV 103.1 MPH)
|
Batting: SHB Joe Gardner
|
0-0: Ball 1-0: Fly out, F8 (Line Drive, 8RM, EV 87.5 MPH)
|
Batting: RHB Josh Froyd
|
0-0: Ball 1-0: Foul Ball, location: 2F 1-1: Ground out 6-3 (Groundball, 6, EV 83.1 MPH)
|
Top of the 5th over - 0 runs, 0 hits, 0 errors, 0 left on base; Houston 2 - Arizona 0 |
BOTTOM OF THE 5TH |
Arizona Diamondbacks batting - Pitching for Houston Astros : RHP Brian Lynch
|
Batting: LHB Roy Steigerwald
|
0-0: Foul Ball, location: 2F 0-1: Ball 1-1: Ball 2-1: Foul Ball, location: 2F 2-2: Strikes out swinging
|
Batting: RHB Jim Zucco
|
0-0: Ball 1-0: Fly out, F6 (Line Drive, 6, EV 66.9 MPH)
|
Batting: RHB Andy Swaim
|
0-0: Called Strike 0-1: Hit by Pitch
|
Batting: LHB Mike Mentzer
|
0-0: Called Strike 0-1: Ball 1-1: Ground out 4-3 (Groundball, 34, EV 88.8 MPH)
|
Bottom of the 5th over - 0 runs, 0 hits, 0 errors, 1 left on base; Houston 2 - Arizona 0 |
TOP OF THE 6TH |
Houston Astros batting - Pitching for Arizona Diamondbacks : RHP Miguel Martinez
|
Batting: LHB Bryce Hill
|
0-0: Ball 1-0: Ball 2-0: Ball 3-0: Called Strike 3-1: Foul Ball, location: 2F 3-2: Base on Balls
|
Batting: RHB Chris Lane
|
0-0: Ball 1-0: Grounds into double play, 4-6-3 (Groundball, 4, EV 82.5 MPH)
|
Batting: RHB Eric Chotkowski
|
0-0: Ball 1-0: Swinging Strike 1-1: Foul Ball, location: 2F 1-2: Strikes out swinging
|
Top of the 6th over - 0 runs, 0 hits, 0 errors, 0 left on base; Houston 2 - Arizona 0 |
BOTTOM OF THE 6TH |
Arizona Diamondbacks batting - Pitching for Houston Astros : RHP Brian Lynch
|
Batting: SHB Warren Eisner
|
0-0: Foul Ball, location: 2F 0-1: Foul Ball, location: 2F 0-2: Ball 1-2: Ball 2-2: Ground out U3 (Groundball, 3, EV 86.2 MPH)
|
Batting: LHB Eric Klasek
|
0-0: Ball 1-0: Foul Ball, location: 2F 1-1: DOUBLE (Line Drive, 78D, EV 103.1 MPH)
|
Batting: RHB Katilimomi Kelekolio
|
0-0: Called Strike Eric Klasek steals 3rd base 0-1: Fly out, F8 (Flyball, 8LS, EV 91.9 MPH)
|
Batting: RHB Ruben Velasco
|
0-0: Swinging Strike 0-1: Ground out 5-3 (Groundball, 56S, EV 86.9 MPH)
|
Bottom of the 6th over - 0 runs, 1 hit, 0 errors, 1 left on base; Houston 2 - Arizona 0 |
TOP OF THE 7TH |
Houston Astros batting - Pitching for Arizona Diamondbacks : RHP Miguel Martinez
|
Batting: RHB Danny Merrill
|
0-0: Ball 1-0: Called Strike 1-1: Ball 2-1: Swinging Strike 2-2: Ball 3-2: Strikes out looking
|
Pitching: RHP Adam Silbert
|
|
Batting: RHB Antonio Aranda
|
0-0: Ball 1-0: Ball 2-0: Ball 3-0: Called Strike 3-1: Called Strike 3-2: Ground out 6-3 (Groundball, 6, EV 88.1 MPH)
|
Batting: LHB Jim Keefe
|
0-0: Ball 1-0: Foul Ball, location: 2F 1-1: SINGLE (Line Drive, 78S, EV 90.6 MPH)
|
Batting: RHB Jeremy Trump
|
0-0: Ball 1-0: Ball 2-0: Swinging Strike 2-1: Called Strike 2-2: Foul Ball, location: 2F 2-2: Foul Ball, location: 2F 2-2: Strikes out swinging
|
Top of the 7th over - 0 runs, 1 hit, 0 errors, 1 left on base; Houston 2 - Arizona 0 |
BOTTOM OF THE 7TH |
Arizona Diamondbacks batting - Pitching for Houston Astros : RHP Brian Lynch
|
Batting: SHB Alec Thorpe
|
0-0: Ball 1-0: Called Strike 1-1: Swinging Strike 1-2: Ball 2-2: Strikes out looking
|
Batting: LHB Roy Steigerwald
|
0-0: Foul Ball, location: 2F 0-1: Ball 1-1: Foul Ball, location: 2F 1-2: Strikes out swinging
|
Batting: RHB Jim Zucco
|
0-0: Ball 1-0: Ball 2-0: Ball 3-0: Base on Balls
|
Batting: RHB Andy Swaim
|
0-0: Called Strike 0-1: Called Strike 0-2: Strikes out swinging
|
Bottom of the 7th over - 0 runs, 0 hits, 0 errors, 1 left on base; Houston 2 - Arizona 0 |
TOP OF THE 8TH |
Houston Astros batting - Pitching for Arizona Diamondbacks : RHP Adam Silbert
|
Pitching: LHP Mario Valdivia
|
|
Batting: SHB Joe Gardner
|
0-0: Called Strike 0-1: Ball 1-1: Ground out 6-3 (Groundball, 6, EV 96.9 MPH)
|
Batting: RHB Josh Froyd
|
0-0: Ball 1-0: Foul Ball, location: 2F 1-1: Ball 2-1: Ball 3-1: Base on Balls
|
Batting: LHB Bryce Hill
|
0-0: Ball 1-0: Called Strike 1-1: Called Strike 1-2: Ball 2-2: Strikes out swinging
|
Batting: RHB Chris Lane
|
0-0: Called Strike 0-1: Foul Ball, location: 2F 0-2: Hit by Pitch Josh Froyd to second
|
Batting: RHB Eric Chotkowski
|
0-0: DOUBLE (Groundball, 5L, EV 111.9 MPH) Josh Froyd scores Chris Lane to third Runner from 3rd tries for Home, SAFE, no throw by LF
|
Batting: RHB Danny Merrill
|
0-0: Foul Ball, location: 2F 0-1: Swinging Strike 0-2: Strikes out looking
|
Top of the 8th over - 2 runs, 1 hit, 0 errors, 1 left on base; Houston 4 - Arizona 0 |
BOTTOM OF THE 8TH |
Arizona Diamondbacks batting - Pitching for Houston Astros : RHP Brian Lynch
|
Batting: LHB Mike Mentzer
|
0-0: Called Strike 0-1: Swinging Strike 0-2: Ball 1-2: Fly out, F7 (Flyball, 7LSF, EV 90.6 MPH)
|
Batting: SHB Warren Eisner
|
0-0: Called Strike 0-1: Foul Ball, location: 2F 0-2: Ball 1-2: Strikes out looking
|
Batting: LHB Eric Klasek
|
0-0: Swinging Strike 0-1: Ball 1-1: Ball 2-1: Ground out 4-3 (Groundball, 4, EV 85.0 MPH)
|
Bottom of the 8th over - 0 runs, 0 hits, 0 errors, 0 left on base; Houston 4 - Arizona 0 |
TOP OF THE 9TH |
Houston Astros batting - Pitching for Arizona Diamondbacks : LHP Mario Valdivia
|
Pitching: RHP Nick Burcham
|
|
Batting: RHB Antonio Aranda
|
0-0: Called Strike 0-1: Ball 1-1: Foul Ball, location: 2F 1-2: Ball 2-2: Strikes out looking
|
Batting: LHB Jim Keefe
|
0-0: Foul Ball, location: 2F 0-1: Ball 1-1: Ball 2-1: Ball 3-1: Base on Balls
|
Batting: RHB Jeremy Trump
|
0-0: Called Strike 0-1: Called Strike 0-2: Foul Ball, location: 2F 0-2: Strikes out swinging
|
Batting: SHB Joe Gardner
|
0-0: Ball 1-0: Swinging Strike 1-1: Called Strike 1-2: Ball 2-2: Foul Ball, location: 2F 2-2: Strikes out looking
|
Top of the 9th over - 0 runs, 0 hits, 0 errors, 1 left on base; Houston 4 - Arizona 0 |
BOTTOM OF THE 9TH |
Arizona Diamondbacks batting - Pitching for Houston Astros : RHP Brian Lynch
|
Batting: RHB Katilimomi Kelekolio
|
0-0: Swinging Strike 0-1: Called Strike 0-2: Strikes out swinging
|
Batting: RHB Ruben Velasco
|
0-0: Called Strike 0-1: Ball 1-1: Ball 2-1: Called Strike 2-2: Foul Ball, location: 2F 2-2: Ball 3-2: Foul Ball, location: 2F 3-2: Foul Ball, location: 2F 3-2: Fly out, F9 (Flyball, 9LM, EV 88.8 MPH)
|
Batting: SHB Alec Thorpe
|
0-0: Ball 1-0: Ball 2-0: Called Strike 2-1: Fly out, F4 (Line Drive, 4, EV 63.1 MPH)
|
Bottom of the 9th over - 0 runs, 0 hits, 0 errors, 0 left on base; Houston 4 - Arizona 0 |
|